 Dungeon Crawl Stone Soup version 0.29-a0-231-g945431f764 (webtiles) character file.

Game seed: 4546739508256603508

0 GabrielManson the Sneak (level 1, -4/15 (16) HPs)
             Began as an Octopode Delver on Mar 1, 2022.
             Shot with an arrow by a centaur (8 damage)
             ... on level 6 of the Dungeon.
             The game lasted 00:01:47 (352 turns).

GabrielManson the Sneak (Octopode Delver)            Turns: 352, Time: 00:01:48

HP:   -4/15 (16)    AC:  1    Str: 11    XL:     1   Next: 10%
MP:   1/1           EV: 13    Int: 12    God:
Gold: 51            SH:  0    Dex: 13    Spells: 0/0 levels left

rFire   . . .      SeeInvis .     - Unarmed
rCold   . . .      Faith    .   (no shield)
rNeg    . . .      Spirit   .   (helmet restricted)
rPois   .          Reflect  .   (no amulet)
rElec   .          Harm     .   (no ring)
rCorr   .          Rampage  .   (no ring)
Will    .....                   (no ring)
Stlth   ++++......              (no ring)
HPRegen 0.05/turn               (no ring)
MPRegen 0.07/turn               (no ring)
                                (no ring)
                                (no ring)

@: drained
A: almost no armour, amphibious, 8 rings, camouflage 1, gelatinous body 1,
(nimble swimmer 1), tentacles
a: no special abilities


You were on level 6 of the Dungeon.
You visited 1 branch of the dungeon, and saw 4 of its levels.

You collected 51 gold pieces.

Inventory:

Wands
 e - a wand of digging (3)
Scrolls
 a - a scroll of fog
 b - a scroll of magic mapping
 c - a scroll of fear
Potions
 d - a potion of haste
 f - a potion of brilliance {unknown}


   Skills:
 - Level 3.0 Fighting
 * Level 2.0 Dodging
 - Level 6.6 Stealth
 + Level 2.0 Unarmed Combat


You couldn't memorise any spells.
You didn't know any spells.
Your spell library was empty.

Dungeon Overview and Level Annotations

Branches:
Dungeon (8/15)             Temple (0/1) D:5
   Lair: D:8-11

Altars:
Hepliaklqana

Annotations:
D:7 Joseph


Innate Abilities, Weirdness & Mutations

You cannot wear most types of armour.
You are amphibious.
You can wear up to eight rings at the same time.
Your skin changes colour to match your surroundings (Stealth+).
Your rubbery body absorbs attacks. (AC +1, EV +1)
((You are camouflaged when in or above water. (Stealth+)))
You have tentacles for arms and can constrict up to eight enemies at once.


Message History

There is an entrance to a bailey on this level.
Hurry and find it before the portal closes forever!
There is a stone staircase leading up here.
Found a leather armour.
Found a stone staircase leading down.
A steam dragon comes into view.
You hear the steady creaking of a portcullis very nearby.
Found a green potion and a scale mail.
Found 10 gold pieces.
Found 5 gold pieces.
Found an escape hatch in the ceiling.
Found 20 gold pieces.
f - a green potion
Found a scroll labelled HULLIK GENATT.
You now have 26 gold pieces (gained 10).
Found an escape hatch in the floor.
You now have 31 gold pieces (gained 5).
Found a stone staircase leading up.
Found a plate armour.
You now have 51 gold pieces (gained 20).
A wyvern comes into view.
You see here a scroll labelled HULLIK GENATT.
Found a dagger.
Found 14 gold pieces.
There is a stone staircase leading up here.
You climb upwards.
Found a stone staircase leading up.
There is a stone staircase leading down here.
Joseph, a Mercenary comes into view.
He is wielding a +0 quarterstaff and carrying a wand of digging (5).
There is a stone staircase leading up here.
Joseph shouts!
Joseph unwields a +0 quarterstaff.
Joseph wields a +0 hunting sling.
Joseph shoots a sling bullet.
The sling bullet barely misses you.
You climb upwards.
The centaur shouts!
The centaur wields a +0 shortbow.
The centaur shoots an arrow.
The arrow hits you!
Ouch! That really hurt!
* * * LOW HITPOINT WARNING * * *
A sky beast comes into view.
The centaur shoots an arrow.
The arrow hits you!
Ouch! That really hurt!
You die...

.. . ...
.Y.........#
...
...........#
...
...........#
..........<#
..c........#
...........#
...........#
.......@...#
.##............
######...####
####


You could see a sky beast (wandering) and a centaur.

Vanquished Creatures
  A kobold (D:8)
1 creature vanquished.

Vanquished Creatures (others)
  10 plants (D:8)
10 creatures vanquished.

Grand Total: 11 creatures vanquished

Notes
Turn   | Place    | Note
-------+----------+-------------------------------------------
     0 | D:5      | GabrielManson the Octopode Delver began the quest for the
                  | Orb.
     0 | D:5      | Reached XP level 1. HP: 16/16 MP: 1/1
     0 | D:5      | Found a hazy altar of Hepliaklqana.
     8 | D:5      | Noticed an ogre
    13 | D:5      | Noticed a hound
    24 | D:5      | Found a staircase to the Ecumenical Temple.
    25 | D:5      | Noticed a scorpion
    33 | D:6      | Noticed a kobold brigand
    33 | D:6      | Noticed a necrophage
    40 | D:7      | Noticed a killer bee
    40 | D:7      | Noticed a gnoll sergeant
    41 | D:7      | Noticed a killer bee
   293 | D:7      | Noticed a gnoll sergeant
   305 | D:8      | Noticed a steam dragon
   337 | D:8      | Noticed a wyvern
   349 | D:7      | Noticed Joseph
   352 | D:6      | Noticed a centaur
   352 | D:6      | Noticed a centaur
   352 | D:6      | Noticed a sky beast
   352 | D:6      | Shot with an arrow by a centaur

Illustrated notes

Levels and vault maps discovered:
D:5:      layout_cave_pools, mainiacjoe_overflow_small_starburst, temple_statues
D:6:      layout_rooms, gammafunk_ghost_abyssal_escape
D:7:      kennysheep_big_flooded_room, layout_cave_pools,
          uniq_crazy_yiuf_cottage, uniq_joseph
D:8:      layout_cave_pools, david_lair_shrubbed, enter_bailey_7

Action                   || total
-------------------------++-------
Melee: Unarmed           ||     2
Armor: Skin              ||     1
Dodge: Dodged            ||    11

Table legend: (Time is in decaauts)
 A = Elapsed time spent in this place.
 B = Non-inter-level travel time spent in this place.
 C = Inter-level travel time spent in this place.
 D = Time resting spent in this place.
 E = Time spent auto-exploring this place.
 F = Levels seen in this place.
 G = Mean time per level.
                   A        B        C        D        E       F      G
               +--------+--------+--------+--------+--------+-----+--------+
         Total |    352 |    352 |      0 |    224 |      5 |   4 |   88.0 |
       Dungeon |    352 |    352 |      0 |    224 |      5 |   4 |   88.0 |
               +--------+--------+--------+--------+--------+-----+--------+

Top non-repeatable levels by time:
     D:8: 291 daAuts
     D:5: 33 daAuts
     D:7: 21 daAuts
     D:6: 6 daAuts
